Blackdemons vs Mulligans
(R1)
Created - 23 mars 2017 at 19:25
Goals
|
| Blackdemons |
2 |
0 |
0 |
2 |
| Mulligans |
1 |
1 |
1 |
3 |
|
Shots
|
| Blackdemons |
18 |
5 |
11 |
34 |
| Mulligans |
14 |
10 |
11 |
35 |
|
1st period
1. Mulligans , Chris Neil 32 (Michael Del Zotto, Nick Bonino) at 3:07 (PP)
2. Blackdemons , Andrew MacDonald 20 (Igor Makarov) at 16:34
3. Blackdemons , Steven Zalewski 24 (Jordan Szwarz) at 17:09
Penalties :
Andrew MacDonald (MJM) for Interference (Minor) at 3:00
2nd period
4. Mulligans , Anton Lander 22 (Jonathan Tremblay, Tim Schaller) at 0:54
Penalties :
Steve Oleksy (MJM) for Hooking (Minor) at 2:44, Michael Del Zotto (Rep) for Slashing (Minor) at 7:15, Drayson Bowman (Rep) for Hooking (Minor) at 14:46
3rd period
5. Mulligans , Nick Bonino 26 (Chris Neil, Michael Del Zotto) at 14:04 (PP)
Penalties :
Igor Makarov (MJM) for Hooking (Minor) at 6:43, Thomas Hickey (Rep) for Holding (Minor) at 11:30, Scott Wilson (MJM) for Roughing (Minor) at 13:48, Matt Donovan (Rep) for Hooking (Minor) at 14:47, Jonathan Tremblay (Rep) for Holding (Minor) at 17:05
Goalie Stats
Matt Hackett (MJM), 32 saves from 35 shots - (0,914), L, 6-11-1, 59:41 minutes
Anders Lindback (Rep), 32 saves from 34 shots - (0,941), W, 23-12-2, 60:00 minutes
Players Stats for Blackdemons
Player Name G A P +/- PIM S H SB GA TA FO MP PP MP PK MP
------------------------------------------------------------------------------------
Andrew MacDonald 1 0 1 1 2 4 3 2 2 0 0/0 21:05 5:11 2:05
Blake Pietila 0 0 0 1 0 1 0 1 1 0 1/1 18:00 4:35 0:26
Bryan Rust 0 0 0 -1 0 0 0 0 0 0 0/0 10:27 0:00 0:00
Calvin de Haan 0 0 0 1 0 5 1 0 0 3 0/0 14:19 0:00 0:00
Dan Bertram 0 0 0 0 0 1 1 0 0 0 0/0 6:59 0:18 0:00
Igor Makarov 0 1 1 1 2 5 3 0 2 0 3/5 22:42 4:54 1:21
Jordan Szwarz 0 1 1 1 0 3 2 1 0 0 0/1 18:58 4:35 2:15
Keaton Ellerby 0 0 0 0 0 3 4 5 1 0 0/0 25:28 5:11 2:12
Kyle Rau 0 0 0 0 0 0 0 0 0 0 0/3 7:35 0:00 0:18
Matt Hunwick 0 0 0 0 0 3 3 0 0 2 0/0 20:13 4:44 2:09
Max Friberg 0 0 0 0 0 0 1 0 0 0 1/2 7:31 0:50 0:00
Noel Acciari 0 0 0 1 0 0 1 0 0 1 12/28 21:14 4:35 1:44
Oscar Klefbom 0 0 0 0 0 1 0 3 1 1 0/0 19:33 0:00 0:59
Scott Timmins 0 0 0 -1 0 0 1 0 0 0 1/3 11:13 0:00 0:45
Scott Wilson 0 0 0 -1 2 0 2 1 0 0 0/0 10:52 0:25 0:00
Sergei Plotnikov 0 0 0 1 0 5 0 1 0 0 1/3 22:36 4:28 1:40
Steve Oleksy 0 0 0 0 2 1 1 0 1 0 0/0 19:21 4:44 1:17
Steven Zalewski 1 0 1 1 0 2 1 0 0 0 12/20 17:29 5:05 0:13
Players Stats for Mulligans
Player Name G A P +/- PIM S H SB GA TA FO MP PP MP PK MP
------------------------------------------------------------------------------------
Anton Lander 1 0 1 1 0 4 0 1 0 0 7/16 17:21 1:45 3:20
Cade Fairchild 0 0 0 1 0 0 1 1 0 0 0/0 12:03 0:00 3:47
Chris Neil 1 1 2 -1 0 2 6 0 1 1 1/1 18:37 2:24 2:26
Cody Goloubef 0 0 0 0 0 0 1 2 1 1 0/0 14:40 0:00 3:47
Darren Dietz 0 0 0 1 0 2 0 0 0 0 0/0 7:08 0:00 0:00
Drayson Bowman 0 0 0 -1 2 1 0 0 1 0 0/0 16:01 2:24 0:00
Eric Tangradi 0 0 0 1 0 1 1 0 2 0 0/2 13:59 1:45 0:00
Gord Baldwin 0 0 0 0 0 0 3 1 0 1 0/0 16:29 0:00 6:08
Jonathan Tremblay 0 1 1 1 2 3 1 0 0 0 1/1 16:52 1:45 2:02
Joonas Donskoi 0 0 0 -1 0 0 1 0 0 0 0/0 12:12 0:12 0:00
Logan Shaw 0 0 0 0 0 1 3 0 0 1 0/0 8:42 0:12 0:00
Matt Beleskey 0 0 0 -1 0 6 1 0 1 0 0/1 17:57 0:12 4:43
Matt Donovan 0 0 0 0 2 0 1 0 0 0 0/0 20:37 1:33 4:51
Matt Niskanen 0 0 0 -2 0 1 3 0 0 1 0/0 17:47 2:48 1:17
Maxime Macenauer 0 0 0 -1 0 2 3 0 0 0 11/15 16:16 0:00 5:05
Michael Del Zotto 0 2 2 -2 2 4 0 3 0 0 0/0 16:09 2:48 0:00
Nick Bonino 1 1 2 -1 0 7 2 2 0 1 14/27 16:00 2:24 0:00
Sven Baertschi 0 0 0 0 0 1 0 0 0 0 0/0 9:06 0:00 2:14
Thomas Hickey 0 0 0 0 2 0 1 3 0 2 0/0 15:16 1:33 0:00
Tim Schaller 0 1 1 0 0 0 0 1 1 0 1/3 6:48 0:00 0:00
3 Stars
1 - Chris Neil (Rep)
2 - Nick Bonino (Rep)
3 - Steven Zalewski (MJM)
Power Play
Blackdemons - 0 on 5 Attempt(s) - 0,00%
Mulligans - 2 on 4 Attempt(s) - 50,00%
Penalty Kill
Blackdemons - 2 on 4 Attempt(s) - 50,00%
- Score 0 goal in Penalty Kill
Mulligans - 5 on 5 Attempt(s) - 100,00%
- Score 0 goal in Penalty Kill
Team Stat
Blackdemons - Hits : 24 - Faceoff Wins : 31 - Blocked Shots : 14 - Penalty Minutes : 8
Mulligans - Hits : 28 - Faceoff Wins : 35 - Blocked Shots : 14 - Penalty Minutes : 10
Official
Referees : VanMassenhoven Don and Peel Tim
Linesman : Pierre Racicot and Mark Shewchyk
Game Notes
No Game Note
Finance
Level 1 -- Attendance: 1612 (80,60%) -- Ticket Income 32 240 $
Level 2 -- Attendance: 727 (72,70%) -- Ticket Income 5 089 $
Total Attendance: 2339 (77,97%)
Total Ticket Income: 37 329 $
Other Income: 1 866 $
Total Income: 39 195 $
Blackdemons
5 vs 5 Forward
Center Left Wing Right Wing Time % Phy DF OF
1 Noel Acciari Sergei Plotnikov Igor Makarov 40 1 2 2
2 Steven Zalewski Blake Pietila Jordan Szwarz 30 1 2 2
3 Scott Timmins Scott Wilson Bryan Rust 20 1 2 2
4 Kyle Rau Dan Bertram Max Friberg 10 1 2 2
5 vs 5 Defense
Defense Defense Time % Phy DF OF
1 Keaton Ellerby Oscar Klefbom 40 1 2 2
2 Andrew MacDonald Calvin de Haan 30 1 2 2
3 Matt Hunwick Steve Oleksy 20 1 2 2
4 Matt Hunwick Steve Oleksy 10 1 2 2
PowerPlay Forward
Center Left Wing Right Wing Time % Phy DF OF
1 Steven Zalewski Sergei Plotnikov Igor Makarov 60 1 2 2
2 Noel Acciari Blake Pietila Jordan Szwarz 40 1 2 2
PowerPlay Defense
Defense Defense Time % Phy DF OF
1 Andrew MacDonald Keaton Ellerby 60 1 2 2
2 Matt Hunwick Steve Oleksy 40 1 2 2
Penalty Kill 4 Players Forward
Center Wing Time % Phy DF OF
1 Igor Makarov Jordan Szwarz 60 1 2 2
2 Sergei Plotnikov Steven Zalewski 40 1 2 2
Penalty Kill 4 Players Defense
Defense Defense Time % Phy DF OF
1 Andrew MacDonald Keaton Ellerby 60 1 2 2
2 Matt Hunwick Steve Oleksy 40 1 2 2
Penalty Kill - 3 Players Forward
Forward Time % Phy DF OF
1 Igor Makarov 60 1 2 2
2 Jordan Szwarz 40 1 2 2
Penalty Kill - 3 Players Defense
Defense Defense Time % Phy DF OF
1 Andrew MacDonald Keaton Ellerby 60 1 2 2
2 Matt Hunwick Steve Oleksy 40 1 2 2
4 vs 4 Forward
Center Wing Time % Phy DF OF
1 Igor Makarov Jordan Szwarz 60 1 2 2
2 Sergei Plotnikov Steven Zalewski 40 1 2 2
4 vs 4 Defense
Defense Defense Time % Phy DF OF
1 Andrew MacDonald Keaton Ellerby 60 1 2 2
2 Matt Hunwick Steve Oleksy 40 1 2 2
Last Minutes Offensive
Center Left Wing Right Wing Defense Defense
Steven Zalewski Sergei Plotnikov Igor Makarov Andrew MacDonald Keaton Ellerby
Last Minutes Defensive
Center Left Wing Right Wing Defense Defense
Steven Zalewski Sergei Plotnikov Igor Makarov Andrew MacDonald Keaton Ellerby
Goaltenders
Starting : Matt Hackett
Backup : Sebastien Caron
Extra Forwards
Normal : Max Friberg, Igor Makarov, Sergei Plotnikov - PP : Max Friberg, Steven Zalewski - PK : Igor Makarov
Extra Defensemen
Normal : Keaton Ellerby, Matt Hunwick, Andrew MacDonald - PP : Keaton Ellerby - PK : Steve Oleksy, Andrew MacDonald
Penalty Shots
Igor Makarov, Steven Zalewski, Sergei Plotnikov, Jordan Szwarz, Max Friberg
Mulligans
5 vs 5 Forward
Center Left Wing Right Wing Time % Phy DF OF
1 Nick Bonino Drayson Bowman Chris Neil 32 0 2 3
2 Anton Lander Eric Tangradi Jonathan Tremblay 28 1 2 2
3 Maxime Macenauer Matt Beleskey Joonas Donskoi 24 0 2 3
4 Tim Schaller Sven Baertschi Logan Shaw 16 1 2 2
5 vs 5 Defense
Defense Defense Time % Phy DF OF
1 Michael Del Zotto Matt Niskanen 30 1 2 2
2 Thomas Hickey Matt Donovan 30 1 2 2
3 Gord Baldwin Cody Goloubef 22 1 2 2
4 Darren Dietz Cade Fairchild 18 1 3 1
PowerPlay Forward
Center Left Wing Right Wing Time % Phy DF OF
1 Nick Bonino Drayson Bowman Chris Neil 60 0 1 4
2 Anton Lander Eric Tangradi Jonathan Tremblay 40 0 1 4
PowerPlay Defense
Defense Defense Time % Phy DF OF
1 Michael Del Zotto Matt Niskanen 55 0 2 3
2 Thomas Hickey Matt Donovan 45 0 2 3
Penalty Kill 4 Players Forward
Center Wing Time % Phy DF OF
1 Maxime Macenauer Matt Beleskey 60 0 4 1
2 Anton Lander Jonathan Tremblay 40 0 4 1
Penalty Kill 4 Players Defense
Defense Defense Time % Phy DF OF
1 Matt Donovan Gord Baldwin 60 1 4 0
2 Cade Fairchild Cody Goloubef 40 1 4 0
Penalty Kill - 3 Players Forward
Forward Time % Phy DF OF
1 Maxime Macenauer 60 1 4 0
2 Anton Lander 40 1 4 0
Penalty Kill - 3 Players Defense
Defense Defense Time % Phy DF OF
1 Matt Donovan Matt Niskanen 60 1 4 0
2 Gord Baldwin Cade Fairchild 40 1 4 0
4 vs 4 Forward
Center Wing Time % Phy DF OF
1 Nick Bonino Drayson Bowman 60 0 2 3
2 Anton Lander Eric Tangradi 40 1 2 2
4 vs 4 Defense
Defense Defense Time % Phy DF OF
1 Michael Del Zotto Matt Niskanen 60 1 2 2
2 Thomas Hickey Matt Donovan 40 1 2 2
Last Minutes Offensive
Center Left Wing Right Wing Defense Defense
Nick Bonino Drayson Bowman Chris Neil Michael Del Zotto Matt Niskanen
Last Minutes Defensive
Center Left Wing Right Wing Defense Defense
Anton Lander Eric Tangradi Jonathan Tremblay Matt Niskanen Matt Donovan
Goaltenders
Starting : Anders Lindback
Backup : Calvin Pickard
Extra Forwards
Normal : Logan Shaw, Sven Baertschi, Joonas Donskoi - PP : Matt Beleskey, Logan Shaw - PK : Chris Neil
Extra Defensemen
Normal : Cody Goloubef, Matt Donovan, Michael Del Zotto - PP : Matt Donovan - PK : Matt Niskanen, Thomas Hickey
Penalty Shots
Chris Neil, Maxime Macenauer, Nick Bonino, Matt Beleskey, Thomas Hickey
% Time on Ice - Blackdemons
Lines # - Real PCT - Wanted PCT - Time Play
Normal Forward
1 - 37% - 40% - 16:30
2 - 27% - 30% - 12:07
3 - 23% - 20% - 10:27
4 - 13% - 10% - 5:48
Normal Defense
1 - 42% - 40% - 18:40
2 - 33% - 30% - 14:58
3 - 19% - 20% - 8:19
4 - 7% - 10% - 2:55
PP Forward
1 - 54% - 60% - 5:20
2 - 46% - 40% - 4:35
PP Defense
1 - 52% - 60% - 5:11
2 - 48% - 40% - 4:44
PK Forward
1 - 95% - 60% - 4:08
2 - 5% - 40% - 0:13
PK Defense
1 - 51% - 60% - 2:12
2 - 49% - 40% - 2:09
PK3 Forward
1 - 0% - 60%
2 - 0% - 40%
PK3 Defense
1 - 0% - 60%
2 - 0% - 40%
44 Forward
1 - 0% - 60%
2 - 0% - 40%
44 Defense
1 - 0% - 60%
2 - 0% - 40%
Last Minute Offensive - 0:52
Last Minute Defensive - 0:00
Total
Forward - 60:00
Defense - 60:00
|
% Time on Ice - Mulligans
Lines # - Real PCT - Wanted PCT - Time Play
Normal Forward
1 - 36% - 32% - 16:33
2 - 27% - 28% - 12:11
3 - 22% - 24% - 10:09
4 - 15% - 16% - 6:48
Normal Defense
1 - 30% - 30% - 13:56
2 - 33% - 30% - 14:52
3 - 21% - 22% - 9:45
4 - 16% - 18% - 7:08
PP Forward
1 - 60% - 60% - 2:36
2 - 40% - 40% - 1:45
PP Defense
1 - 64% - 55% - 2:48
2 - 36% - 45% - 1:33
PK Forward
1 - 72% - 60% - 7:07
2 - 28% - 40% - 2:48
PK Defense
1 - 62% - 60% - 6:08
2 - 38% - 40% - 3:47
PK3 Forward
1 - 0% - 60%
2 - 0% - 40%
PK3 Defense
1 - 0% - 60%
2 - 0% - 40%
44 Forward
1 - 0% - 60%
2 - 0% - 40%
44 Defense
1 - 0% - 60%
2 - 0% - 40%
Last Minute Offensive - 0:00
Last Minute Defensive - 0:03
Total
Forward - 60:00
Defense - 60:00
|
Play by Play
1st period
0:01 of 1st period - Noel Acciari wins face-off versus Nick Bonino in neutral zone.
0:10 of 1st period - Off-side.
0:11 of 1st period - Anton Lander wins face-off versus Steven Zalewski in neutral zone.
1:50 of 1st period - Icing by Matt Hunwick.
1:51 of 1st period - Nick Bonino wins face-off versus Kyle Rau in Blackdemons zone.
2:03 of 1st period - Michael Del Zotto is hit by Matt Hunwick and loses puck.
2:12 of 1st period - Slapshot by Matt Hunwick.
2:12 of 1st period - Deflect By Kyle Rau.
2:12 of 1st period - Shot Misses the Net.
2:12 of 1st period - Puck is out of play.
2:13 of 1st period - Noel Acciari wins face-off versus Anton Lander in Mulligans zone.
2:40 of 1st period - Jordan Szwarz is hit by Joonas Donskoi and loses puck.
2:45 of 1st period - Snap shot by Matt Beleskey.
2:45 of 1st period - Deflect By Maxime Macenauer.
2:45 of 1st period - Shot Blocked by Keaton Ellerby.
2:45 of 1st period - Puck is out of play.
2:46 of 1st period - Nick Bonino wins face-off versus Scott Timmins in Blackdemons zone.
2:53 of 1st period - Snap shot by Drayson Bowman.
2:53 of 1st period - Shot Misses the Net.
3:00 of 1st period - Minor Penalty to Andrew MacDonald for Interference.
3:01 of 1st period - Nick Bonino wins face-off versus Igor Makarov in Blackdemons zone.
3:03 of 1st period - Slapshot by Michael Del Zotto.
3:03 of 1st period - Shot Blocked by Keaton Ellerby.
3:05 of 1st period - Snap shot by Michael Del Zotto.
3:05 of 1st period - Shot Misses the Net.
3:07 of 1st period - Wrist shot by Chris Neil.
3:07 of 1st period - Goal by Chris Neil - Blackdemons : 0 - Mulligans : 1.
3:08 of 1st period - Anton Lander wins face-off versus Noel Acciari in neutral zone.
3:41 of 1st period - Slapshot by Nick Bonino.
3:41 of 1st period - Stopped by Matt Hackett with a rebound.
3:53 of 1st period - Slapshot by Oscar Klefbom.
3:53 of 1st period - Shot Misses the Net.
5:06 of 1st period - Snap shot by Steven Zalewski.
5:06 of 1st period - Shot Blocked by Nick Bonino.
5:20 of 1st period - Scott Timmins is hit by Matt Niskanen.
5:46 of 1st period - Slapshot by Calvin de Haan.
5:46 of 1st period - Deflect By Darren Dietz.
5:46 of 1st period - Stopped by Anders Lindback without a rebound.
5:47 of 1st period - Nick Bonino wins face-off versus Steven Zalewski in Mulligans zone.
5:54 of 1st period - Wrist shot by Drayson Bowman.
5:54 of 1st period - Shot Blocked by Keaton Ellerby.
5:56 of 1st period - Wrist shot by Darren Dietz.
5:56 of 1st period - Deflect By Drayson Bowman.
5:56 of 1st period - Shot Misses the Net.
5:56 of 1st period - Puck is out of play.
5:57 of 1st period - Nick Bonino wins face-off versus Steven Zalewski in Blackdemons zone.
6:02 of 1st period - Slapshot by Nick Bonino.
6:02 of 1st period - Stopped by Matt Hackett with a rebound.
6:04 of 1st period - Slapshot by Drayson Bowman.
6:04 of 1st period - Stopped by Matt Hackett without a rebound.
6:05 of 1st period - Noel Acciari wins face-off versus Anton Lander in Blackdemons zone.
6:30 of 1st period - Matt Beleskey is hit by Keaton Ellerby and loses puck.
6:34 of 1st period - Icing by Maxime Macenauer.
6:35 of 1st period - Maxime Macenauer wins face-off versus Steven Zalewski in Mulligans zone.
6:44 of 1st period - Snap shot by Steven Zalewski.
6:44 of 1st period - Shot Misses the Net.
6:46 of 1st period - Backhand shot by Andrew MacDonald.
6:46 of 1st period - Shot Misses the Net.
6:48 of 1st period - Snap shot by Jordan Szwarz.
6:48 of 1st period - Stopped by Anders Lindback without a rebound.
6:49 of 1st period - Nick Bonino wins face-off versus Noel Acciari in Mulligans zone.
7:14 of 1st period - Calvin de Haan is hit by Maxime Macenauer and loses puck.
7:29 of 1st period - Wrist shot by Sergei Plotnikov.
7:29 of 1st period - Shot Misses the Net.
7:49 of 1st period - Anton Lander is hit by Scott Wilson.
8:05 of 1st period - Wrist shot by Jordan Szwarz.
8:05 of 1st period - Shot Misses the Net.
8:07 of 1st period - Snap shot by Keaton Ellerby.
8:07 of 1st period - Stopped by Anders Lindback with a rebound.
8:09 of 1st period - Wrist shot by Blake Pietila.
8:09 of 1st period - Shot Misses the Net.
8:11 of 1st period - Slapshot by Jordan Szwarz.
8:11 of 1st period - Stopped by Anders Lindback with a rebound.
8:46 of 1st period - Michael Del Zotto is hit by Scott Timmins and loses puck.
9:03 of 1st period - Off-side.
9:04 of 1st period - Nick Bonino wins face-off versus Max Friberg in neutral zone.
9:15 of 1st period - Wrist shot by Andrew MacDonald.
9:15 of 1st period - Deflect By Dan Bertram.
9:15 of 1st period - Shot Blocked by Thomas Hickey.
9:15 of 1st period - Puck is out of play.
9:16 of 1st period - Noel Acciari wins face-off versus Anton Lander in Mulligans zone.
9:17 of 1st period - Snap shot by Igor Makarov.
9:17 of 1st period - Stopped by Anders Lindback with a rebound.
9:19 of 1st period - Snap shot by Sergei Plotnikov.
9:19 of 1st period - Stopped by Anders Lindback with a rebound.
9:21 of 1st period - Slapshot by Igor Makarov.
9:21 of 1st period - Stopped by Anders Lindback with a rebound.
10:00 of 1st period - Wrist shot by Anton Lander.
10:00 of 1st period - Shot Blocked by Oscar Klefbom.
10:12 of 1st period - Snap shot by Eric Tangradi.
10:12 of 1st period - Shot Blocked by Oscar Klefbom.
10:14 of 1st period - Wrist shot by Anton Lander.
10:14 of 1st period - Shot Blocked by Keaton Ellerby.
11:04 of 1st period - Slapshot by Michael Del Zotto.
11:04 of 1st period - Stopped by Matt Hackett with a rebound.
11:10 of 1st period - Wrist shot by Jonathan Tremblay.
11:10 of 1st period - Stopped by Matt Hackett without a rebound.
11:11 of 1st period - Noel Acciari wins face-off versus Nick Bonino in Blackdemons zone.
11:18 of 1st period - Chris Neil is hit by Igor Makarov and loses puck.
11:45 of 1st period - Wrist shot by Matt Beleskey.
11:45 of 1st period - Stopped by Matt Hackett with a rebound.
11:57 of 1st period - Wrist shot by Andrew MacDonald.
11:57 of 1st period - Stopped by Anders Lindback with a rebound.
11:59 of 1st period - Slapshot by Andrew MacDonald.
11:59 of 1st period - Stopped by Anders Lindback with a rebound.
12:01 of 1st period - Slapshot by Andrew MacDonald.
12:01 of 1st period - Shot Blocked by Michael Del Zotto.
12:03 of 1st period - Snap shot by Calvin de Haan.
12:03 of 1st period - Stopped by Anders Lindback with a rebound.
12:05 of 1st period - Slapshot by Calvin de Haan.
12:05 of 1st period - Deflect By Michael Del Zotto.
12:05 of 1st period - Stopped by Anders Lindback with a rebound.
12:07 of 1st period - Wrist shot by Max Friberg.
12:07 of 1st period - Shot Blocked by Michael Del Zotto.
12:44 of 1st period - Tim Schaller is hit by Max Friberg and loses puck.
12:59 of 1st period - Sergei Plotnikov is hit by Gord Baldwin and loses puck.
13:20 of 1st period - Snap shot by Nick Bonino.
13:20 of 1st period - Stopped by Matt Hackett without a rebound.
13:21 of 1st period - Steven Zalewski wins face-off versus Nick Bonino in Blackdemons zone.
13:36 of 1st period - Maxime Macenauer is hit by Andrew MacDonald and loses puck.
14:45 of 1st period - Snap shot by Maxime Macenauer.
14:45 of 1st period - Shot Misses the Net.
15:09 of 1st period - Snap shot by Anton Lander.
15:09 of 1st period - Stopped by Matt Hackett without a rebound.
15:10 of 1st period - Noel Acciari wins face-off versus Nick Bonino in Blackdemons zone.
15:10 of 1st period - Noel Acciari is hit by Chris Neil.
15:15 of 1st period - Andrew MacDonald is hit by Gord Baldwin and loses puck.
15:58 of 1st period - Slapshot by Matt Hunwick.
15:58 of 1st period - Deflect By Dan Bertram.
15:58 of 1st period - Stopped by Anders Lindback with a rebound.
16:00 of 1st period - Snap shot by Matt Hunwick.
16:00 of 1st period - Shot Blocked by Cody Goloubef.
16:02 of 1st period - Snap shot by Matt Hunwick.
16:02 of 1st period - Stopped by Anders Lindback without a rebound.
16:03 of 1st period - Maxime Macenauer wins face-off versus Kyle Rau in Mulligans zone.
16:09 of 1st period - Off-side.
16:10 of 1st period - Nick Bonino wins face-off versus Noel Acciari in neutral zone.
16:21 of 1st period - Slapshot by Sergei Plotnikov.
16:21 of 1st period - Stopped by Anders Lindback with a rebound.
16:23 of 1st period - Slapshot by Matt Hunwick.
16:23 of 1st period - Stopped by Anders Lindback without a rebound.
16:24 of 1st period - Nick Bonino wins face-off versus Noel Acciari in Mulligans zone.
16:24 of 1st period - Nick Bonino is hit by Calvin de Haan.
16:34 of 1st period - Slapshot by Andrew MacDonald.
16:34 of 1st period - Goal by Andrew MacDonald - Blackdemons : 1 - Mulligans : 1.
16:35 of 1st period - Nick Bonino wins face-off versus Noel Acciari in neutral zone.
17:09 of 1st period - Wrist shot by Jordan Szwarz.
17:09 of 1st period - Deflect By Steven Zalewski.
17:09 of 1st period - Goal by Steven Zalewski - Blackdemons : 2 - Mulligans : 1.
17:10 of 1st period - Nick Bonino wins face-off versus Noel Acciari in neutral zone.
17:26 of 1st period - Off-side.
17:27 of 1st period - Anton Lander wins face-off versus Steven Zalewski in neutral zone.
17:32 of 1st period - Snap shot by Jonathan Tremblay.
17:32 of 1st period - Stopped by Matt Hackett with a rebound.
18:28 of 1st period - Snap shot by Matt Donovan.
18:28 of 1st period - Deflect By Sven Baertschi.
18:28 of 1st period - Shot Misses the Net.
18:28 of 1st period - Puck is out of play.
18:29 of 1st period - Maxime Macenauer wins face-off versus Steven Zalewski in Blackdemons zone.
18:32 of 1st period - Wrist shot by Matt Beleskey.
18:32 of 1st period - Shot Hit the Post.
18:34 of 1st period - Slapshot by Michael Del Zotto.
18:34 of 1st period - Stopped by Matt Hackett with a rebound.
18:36 of 1st period - Slapshot by Michael Del Zotto.
18:36 of 1st period - Deflect By Matt Beleskey.
18:36 of 1st period - Stopped by Matt Hackett with a rebound.
18:54 of 1st period - Matt Niskanen is hit by Igor Makarov and loses puck.
19:03 of 1st period - Snap shot by Sergei Plotnikov.
19:03 of 1st period - Stopped by Anders Lindback with a rebound.
19:05 of 1st period - Slapshot by Keaton Ellerby.
19:05 of 1st period - Shot Blocked by Michael Del Zotto.
19:19 of 1st period - Snap shot by Anton Lander.
19:19 of 1st period - Stopped by Matt Hackett with a rebound.
19:21 of 1st period - Slapshot by Michael Del Zotto.
19:21 of 1st period - Stopped by Matt Hackett with a rebound.
19:23 of 1st period - Snap shot by Matt Niskanen.
19:23 of 1st period - Deflect By Jonathan Tremblay.
19:23 of 1st period - Shot Misses the Net.
19:23 of 1st period - Puck is out of play.
19:24 of 1st period - Steven Zalewski wins face-off versus Anton Lander in Blackdemons zone.
19:49 of 1st period - Sergei Plotnikov is hit by Maxime Macenauer and loses puck.
Goals for this period are 2 for Blackdemons vs 1 for Mulligans.
Shots for this period are 18 for Blackdemons vs 14 for Mulligans.
2nd period
0:01 of 2nd period - Noel Acciari wins face-off versus Nick Bonino in neutral zone.
0:52 of 2nd period - Snap shot by Jonathan Tremblay.
0:52 of 2nd period - Shot Misses the Net.
0:54 of 2nd period - Snap shot by Anton Lander.
0:54 of 2nd period - Goal by Anton Lander - Blackdemons : 2 - Mulligans : 2.
0:55 of 2nd period - Nick Bonino wins face-off versus Noel Acciari in neutral zone.
1:03 of 2nd period - Slapshot by Steve Oleksy.
1:03 of 2nd period - Stopped by Anders Lindback without a rebound.
1:04 of 2nd period - Nick Bonino wins face-off versus Noel Acciari in Mulligans zone.
1:18 of 2nd period - Wrist shot by Nick Bonino.
1:18 of 2nd period - Stopped by Matt Hackett without a rebound.
1:19 of 2nd period - Steven Zalewski wins face-off versus Maxime Macenauer in Blackdemons zone.
1:44 of 2nd period - Matt Beleskey is hit by Andrew MacDonald and loses puck.
1:51 of 2nd period - Snap shot by Scott Timmins.
1:51 of 2nd period - Shot Blocked by Thomas Hickey.
1:53 of 2nd period - Slapshot by Oscar Klefbom.
1:53 of 2nd period - Stopped by Anders Lindback without a rebound.
1:54 of 2nd period - Anton Lander wins face-off versus Noel Acciari in Mulligans zone.
2:30 of 2nd period - Nick Bonino is hit by Jordan Szwarz and loses puck.
2:44 of 2nd period - Minor Penalty to Steve Oleksy for Hooking.
2:45 of 2nd period - Igor Makarov wins face-off versus Nick Bonino in Blackdemons zone.
2:53 of 2nd period - Michael Del Zotto is hit by Keaton Ellerby.
4:44 of 2nd period - Penalty to Steve Oleksy is over, Steve Oleksy is back on ice.
5:09 of 2nd period - Calvin de Haan is hit by Cody Goloubef and loses puck.
5:21 of 2nd period - Off-side.
5:22 of 2nd period - Steven Zalewski wins face-off versus Tim Schaller in neutral zone.
5:29 of 2nd period - Wrist shot by Steven Zalewski.
5:29 of 2nd period - Deflect By Sven Baertschi.
5:29 of 2nd period - Shot Misses the Net.
5:29 of 2nd period - Puck is out of play.
5:30 of 2nd period - Igor Makarov wins face-off versus Tim Schaller in Mulligans zone.
5:33 of 2nd period - Slapshot by Igor Makarov.
5:33 of 2nd period - Stopped by Anders Lindback without a rebound.
5:34 of 2nd period - Anton Lander wins face-off versus Noel Acciari in Mulligans zone.
5:59 of 2nd period - Michael Del Zotto is hit by Jordan Szwarz.
6:13 of 2nd period - Matt Donovan is hit by Steven Zalewski and loses puck.
6:24 of 2nd period - Andrew MacDonald is hit by Maxime Macenauer and loses puck.
7:06 of 2nd period - Wrist shot by Sergei Plotnikov.
7:06 of 2nd period - Shot Misses the Net.
7:08 of 2nd period - Slapshot by Calvin de Haan.
7:08 of 2nd period - Stopped by Anders Lindback with a rebound.
7:12 of 2nd period - Slapshot by Igor Makarov.
7:12 of 2nd period - Deflect By Sergei Plotnikov.
7:12 of 2nd period - Shot Blocked by Cody Goloubef.
7:12 of 2nd period - Puck is out of play.
7:13 of 2nd period - Maxime Macenauer wins face-off versus Noel Acciari in Mulligans zone.
7:15 of 2nd period - Minor Penalty to Michael Del Zotto for Slashing.
7:16 of 2nd period - Maxime Macenauer wins face-off versus Sergei Plotnikov in Mulligans zone.
7:16 of 2nd period - Maxime Macenauer is hit by Andrew MacDonald.
8:00 of 2nd period - Slapshot by Jonathan Tremblay.
8:00 of 2nd period - Stopped by Matt Hackett without a rebound.
8:01 of 2nd period - Noel Acciari wins face-off versus Anton Lander in Blackdemons zone.
8:24 of 2nd period - Snap shot by Jordan Szwarz.
8:24 of 2nd period - Shot Misses the Net.
8:26 of 2nd period - Snap shot by Sergei Plotnikov.
8:26 of 2nd period - Shot Hit the Post.
8:28 of 2nd period - Snap shot by Sergei Plotnikov.
8:28 of 2nd period - Stopped by Anders Lindback with a rebound.
9:15 of 2nd period - Penalty to Michael Del Zotto is over, Michael Del Zotto is back on ice.
9:28 of 2nd period - Gord Baldwin is hit by Matt Hunwick and loses puck.
9:41 of 2nd period - Nick Bonino is hit by Steve Oleksy and loses puck.
9:54 of 2nd period - Snap shot by Matt Hunwick.
9:54 of 2nd period - Shot Blocked by Tim Schaller.
10:56 of 2nd period - Calvin de Haan is hit by Logan Shaw and loses puck.
11:13 of 2nd period - Icing by Scott Timmins.
11:14 of 2nd period - Scott Timmins wins face-off versus Anton Lander in Blackdemons zone.
11:19 of 2nd period - Slapshot by Andrew MacDonald.
11:19 of 2nd period - Shot Blocked by Thomas Hickey.
11:58 of 2nd period - Snap shot by Sven Baertschi.
11:58 of 2nd period - Deflect By Tim Schaller.
11:58 of 2nd period - Shot Blocked by Andrew MacDonald.
11:58 of 2nd period - Puck is out of play.
11:59 of 2nd period - Tim Schaller wins face-off versus Jordan Szwarz in Blackdemons zone.
12:06 of 2nd period - Wrist shot by Logan Shaw.
12:06 of 2nd period - Stopped by Matt Hackett without a rebound.
12:07 of 2nd period - Noel Acciari wins face-off versus Nick Bonino in Blackdemons zone.
12:41 of 2nd period - Slapshot by Thomas Hickey.
12:41 of 2nd period - Deflect By Matt Beleskey.
12:41 of 2nd period - Shot Blocked by Keaton Ellerby.
12:41 of 2nd period - Puck is out of play.
12:42 of 2nd period - Steven Zalewski wins face-off versus Nick Bonino in Blackdemons zone.
12:42 of 2nd period - Steven Zalewski is hit by Chris Neil.
13:46 of 2nd period - Snap shot by Noel Acciari.
13:46 of 2nd period - Shot Blocked by Gord Baldwin.
14:20 of 2nd period - Max Friberg is hit by Eric Tangradi and loses puck.
14:46 of 2nd period - Minor Penalty to Drayson Bowman for Hooking.
14:47 of 2nd period - Maxime Macenauer wins face-off versus Igor Makarov in Mulligans zone.
15:33 of 2nd period - Matt Hunwick is hit by Cade Fairchild.
16:46 of 2nd period - Penalty to Drayson Bowman is over, Drayson Bowman is back on ice.
16:53 of 2nd period - Slapshot by Calvin de Haan.
16:53 of 2nd period - Shot Blocked by Nick Bonino.
17:09 of 2nd period - Matt Niskanen is hit by Dan Bertram and loses puck.
17:28 of 2nd period - Slapshot by Michael Del Zotto.
17:28 of 2nd period - Deflect By Tim Schaller.
17:28 of 2nd period - Shot Misses the Net.
17:28 of 2nd period - Puck is out of play.
17:29 of 2nd period - Maxime Macenauer wins face-off versus Kyle Rau in Blackdemons zone.
17:57 of 2nd period - Wrist shot by Chris Neil.
17:57 of 2nd period - Stopped by Matt Hackett with a rebound.
17:59 of 2nd period - Slapshot by Darren Dietz.
17:59 of 2nd period - Stopped by Matt Hackett with a rebound.
18:01 of 2nd period - Wrist shot by Nick Bonino.
18:01 of 2nd period - Stopped by Matt Hackett with a rebound.
18:03 of 2nd period - Backhand shot by Darren Dietz.
18:03 of 2nd period - Deflect By Nick Bonino.
18:03 of 2nd period - Stopped by Matt Hackett without a rebound.
18:04 of 2nd period - Steven Zalewski wins face-off versus Anton Lander in Blackdemons zone.
18:17 of 2nd period - Wrist shot by Anton Lander.
18:17 of 2nd period - Shot Misses the Net.
18:29 of 2nd period - Drayson Bowman is hit by Noel Acciari and loses puck.
19:23 of 2nd period - Snap shot by Andrew MacDonald.
19:23 of 2nd period - Shot Misses the Net.
19:25 of 2nd period - Slapshot by Calvin de Haan.
19:25 of 2nd period - Deflect By Dan Bertram.
19:25 of 2nd period - Shot Misses the Net.
19:25 of 2nd period - Puck is out of play.
19:26 of 2nd period - Anton Lander wins face-off versus Noel Acciari in Mulligans zone.
19:31 of 2nd period - Slapshot by Anton Lander.
19:31 of 2nd period - Deflect By Andrew MacDonald.
19:31 of 2nd period - Stopped by Matt Hackett with a rebound.
19:33 of 2nd period - Slapshot by Darren Dietz.
19:33 of 2nd period - Stopped by Matt Hackett without a rebound.
19:34 of 2nd period - Jonathan Tremblay wins face-off versus Noel Acciari in Blackdemons zone.
19:58 of 2nd period - Anton Lander is hit by Keaton Ellerby and loses puck.
Goals for this period are 0 for Blackdemons vs 1 for Mulligans.
Shots for this period are 5 for Blackdemons vs 10 for Mulligans.
3rd period
0:01 of 3rd period - Noel Acciari wins face-off versus Nick Bonino in neutral zone.
0:13 of 3rd period - Chris Neil is hit by Igor Makarov and loses puck.
0:31 of 3rd period - Slapshot by Matt Beleskey.
0:31 of 3rd period - Stopped by Matt Hackett without a rebound.
0:32 of 3rd period - Maxime Macenauer wins face-off versus Steven Zalewski in Blackdemons zone.
0:41 of 3rd period - Wrist shot by Maxime Macenauer.
0:41 of 3rd period - Stopped by Matt Hackett with a rebound.
0:43 of 3rd period - Snap shot by Matt Beleskey.
0:43 of 3rd period - Stopped by Matt Hackett without a rebound.
0:44 of 3rd period - Nick Bonino wins face-off versus Noel Acciari in Blackdemons zone.
0:55 of 3rd period - Wrist shot by Drayson Bowman.
0:55 of 3rd period - Shot Misses the Net.
1:11 of 3rd period - Wrist shot by Matt Beleskey.
1:11 of 3rd period - Shot Misses the Net.
1:31 of 3rd period - Snap shot by Igor Makarov.
1:31 of 3rd period - Stopped by Anders Lindback with a rebound.
1:33 of 3rd period - Snap shot by Igor Makarov.
1:33 of 3rd period - Shot Misses the Net.
1:35 of 3rd period - Snap shot by Calvin de Haan.
1:35 of 3rd period - Stopped by Anders Lindback without a rebound.
1:36 of 3rd period - Steven Zalewski wins face-off versus Anton Lander in Mulligans zone.
2:27 of 3rd period - Snap shot by Matt Beleskey.
2:27 of 3rd period - Stopped by Matt Hackett without a rebound.
2:28 of 3rd period - Steven Zalewski wins face-off versus Matt Beleskey in Blackdemons zone.
2:44 of 3rd period - Snap shot by Steven Zalewski.
2:44 of 3rd period - Stopped by Anders Lindback with a rebound.
3:02 of 3rd period - Snap shot by Sergei Plotnikov.
3:02 of 3rd period - Shot Misses the Net.
3:04 of 3rd period - Slapshot by Sergei Plotnikov.
3:04 of 3rd period - Stopped by Anders Lindback without a rebound.
3:05 of 3rd period - Steven Zalewski wins face-off versus Nick Bonino in Mulligans zone.
3:41 of 3rd period - Calvin de Haan is hit by Jonathan Tremblay and loses puck.
4:16 of 3rd period - Dan Bertram is hit by Thomas Hickey and loses puck.
4:21 of 3rd period - Wrist shot by Tim Schaller.
4:21 of 3rd period - Shot Misses the Net.
4:45 of 3rd period - Calvin de Haan is hit by Nick Bonino and loses puck.
4:56 of 3rd period - Snap shot by Matt Beleskey.
4:56 of 3rd period - Stopped by Matt Hackett with a rebound.
4:58 of 3rd period - Slapshot by Cody Goloubef.
4:58 of 3rd period - Shot Blocked by Andrew MacDonald.
5:00 of 3rd period - Wrist shot by Matt Beleskey.
5:00 of 3rd period - Shot Blocked by Jordan Szwarz.
5:02 of 3rd period - Snap shot by Maxime Macenauer.
5:02 of 3rd period - Stopped by Matt Hackett with a rebound.
5:04 of 3rd period - Slapshot by Gord Baldwin.
5:04 of 3rd period - Deflect By Matt Beleskey.
5:04 of 3rd period - Shot Blocked by Blake Pietila.
5:04 of 3rd period - Puck is out of play.
5:05 of 3rd period - Anton Lander wins face-off versus Sergei Plotnikov in Blackdemons zone.
5:06 of 3rd period - Snap shot by Jonathan Tremblay.
5:06 of 3rd period - Shot Blocked by Sergei Plotnikov.
5:18 of 3rd period - Wrist shot by Sergei Plotnikov.
5:18 of 3rd period - Shot Misses the Net.
5:30 of 3rd period - Scott Timmins is hit by Matt Niskanen and loses puck.
5:53 of 3rd period - Scott Timmins is hit by Logan Shaw and loses puck.
6:04 of 3rd period - Slapshot by Thomas Hickey.
6:04 of 3rd period - Deflect By Sven Baertschi.
6:04 of 3rd period - Stopped by Matt Hackett with a rebound.
6:06 of 3rd period - Snap shot by Tim Schaller.
6:06 of 3rd period - Shot Blocked by Scott Wilson.
6:13 of 3rd period - Icing by Oscar Klefbom.
6:14 of 3rd period - Maxime Macenauer wins face-off versus Scott Timmins in Blackdemons zone.
6:15 of 3rd period - Slapshot by Michael Del Zotto.
6:15 of 3rd period - Shot Misses the Net.
6:17 of 3rd period - Snap shot by Michael Del Zotto.
6:17 of 3rd period - Stopped by Matt Hackett with a rebound.
6:19 of 3rd period - Snap shot by Drayson Bowman.
6:19 of 3rd period - Shot Misses the Net.
6:21 of 3rd period - Slapshot by Matt Niskanen.
6:21 of 3rd period - Stopped by Matt Hackett with a rebound.
6:23 of 3rd period - Wrist shot by Nick Bonino.
6:23 of 3rd period - Deflect By Oscar Klefbom.
6:23 of 3rd period - Shot Blocked by Oscar Klefbom.
6:23 of 3rd period - Puck is out of play.
6:24 of 3rd period - Noel Acciari wins face-off versus Nick Bonino in Blackdemons zone.
6:24 of 3rd period - Noel Acciari is hit by Chris Neil.
6:43 of 3rd period - Minor Penalty to Igor Makarov for Hooking.
6:44 of 3rd period - Noel Acciari wins face-off versus Nick Bonino in Blackdemons zone.
6:44 of 3rd period - Noel Acciari is hit by Chris Neil.
6:48 of 3rd period - Keaton Ellerby is hit by Matt Niskanen and loses puck.
7:24 of 3rd period - Matt Hunwick is hit by Chris Neil and loses puck.
7:47 of 3rd period - Sergei Plotnikov is hit by Nick Bonino and loses puck.
8:43 of 3rd period - Penalty to Igor Makarov is over, Igor Makarov is back on ice.
8:50 of 3rd period - Sergei Plotnikov is hit by Logan Shaw and loses puck.
9:30 of 3rd period - Logan Shaw is hit by Keaton Ellerby and loses puck.
10:14 of 3rd period - Wrist shot by Igor Makarov.
10:14 of 3rd period - Stopped by Anders Lindback without a rebound.
10:15 of 3rd period - Steven Zalewski wins face-off versus Eric Tangradi in Mulligans zone.
10:16 of 3rd period - Slapshot by Jordan Szwarz.
10:16 of 3rd period - Shot Blocked by Anton Lander.
10:18 of 3rd period - Wrist shot by Blake Pietila.
10:18 of 3rd period - Stopped by Anders Lindback with a rebound.
10:20 of 3rd period - Snap shot by Blake Pietila.
10:20 of 3rd period - Shot Misses the Net.
10:40 of 3rd period - Matt Niskanen is hit by Scott Wilson and loses puck.
11:06 of 3rd period - Slapshot by Eric Tangradi.
11:06 of 3rd period - Stopped by Matt Hackett with a rebound.
11:30 of 3rd period - Minor Penalty to Thomas Hickey for Holding.
11:31 of 3rd period - Maxime Macenauer wins face-off versus Noel Acciari in Mulligans zone.
13:30 of 3rd period - Penalty to Thomas Hickey is over, Thomas Hickey is back on ice.
13:48 of 3rd period - Minor Penalty to Scott Wilson for Roughing.
13:49 of 3rd period - Igor Makarov wins face-off versus Nick Bonino in Blackdemons zone.
14:04 of 3rd period - Wrist shot by Chris Neil.
14:04 of 3rd period - Deflect By Nick Bonino.
14:04 of 3rd period - Goal by Nick Bonino - Blackdemons : 2 - Mulligans : 3.
14:05 of 3rd period - Sergei Plotnikov wins face-off versus Eric Tangradi in neutral zone.
14:32 of 3rd period - Jordan Szwarz is hit by Matt Beleskey and loses puck.
14:47 of 3rd period - Minor Penalty to Matt Donovan for Hooking.
14:48 of 3rd period - Steven Zalewski wins face-off versus Maxime Macenauer in Mulligans zone.
14:49 of 3rd period - Snap shot by Igor Makarov.
14:49 of 3rd period - Shot Misses the Net.
14:51 of 3rd period - Slapshot by Keaton Ellerby.
14:51 of 3rd period - Stopped by Anders Lindback without a rebound.
14:52 of 3rd period - Steven Zalewski wins face-off versus Maxime Macenauer in Mulligans zone.
15:03 of 3rd period - Snap shot by Igor Makarov.
15:03 of 3rd period - Shot Misses the Net.
15:29 of 3rd period - Wrist shot by Jordan Szwarz.
15:29 of 3rd period - Shot Misses the Net.
15:31 of 3rd period - Slapshot by Keaton Ellerby.
15:31 of 3rd period - Shot Misses the Net.
15:33 of 3rd period - Snap shot by Jordan Szwarz.
15:33 of 3rd period - Stopped by Anders Lindback without a rebound.
15:34 of 3rd period - Maxime Macenauer wins face-off versus Noel Acciari in Mulligans zone.
16:02 of 3rd period - Slapshot by Keaton Ellerby.
16:02 of 3rd period - Stopped by Anders Lindback with a rebound.
16:04 of 3rd period - Snap shot by Keaton Ellerby.
16:04 of 3rd period - Shot Blocked by Cade Fairchild.
16:06 of 3rd period - Slapshot by Andrew MacDonald.
16:06 of 3rd period - Stopped by Anders Lindback with a rebound.
16:47 of 3rd period - Penalty to Matt Donovan is over, Matt Donovan is back on ice.
16:52 of 3rd period - Matt Hunwick is hit by Matt Donovan.
17:05 of 3rd period - Minor Penalty to Jonathan Tremblay for Holding.
17:06 of 3rd period - Blake Pietila wins face-off versus Maxime Macenauer in Mulligans zone.
17:07 of 3rd period - Slapshot by Matt Hunwick.
17:07 of 3rd period - Stopped by Anders Lindback with a rebound.
17:17 of 3rd period - Slapshot by Steve Oleksy.
17:17 of 3rd period - Shot Hit the Post.
17:39 of 3rd period - Matt Hunwick is hit by Gord Baldwin and loses puck.
17:48 of 3rd period - Backhand shot by Sergei Plotnikov.
17:48 of 3rd period - Shot Misses the Net.
17:58 of 3rd period - Sergei Plotnikov is hit by Chris Neil and loses puck.
18:52 of 3rd period - Icing by Sergei Plotnikov.
18:53 of 3rd period - Chris Neil wins face-off versus Steven Zalewski in Blackdemons zone.
19:05 of 3rd period - Penalty to Jonathan Tremblay is over, Jonathan Tremblay is back on ice.
19:22 of 3rd period - Cade Fairchild is hit by Matt Hunwick.
19:41 of 3rd period - Blackdemons, Matt Hackett is pulled from the net.
19:56 of 3rd period - Off-side.
19:57 of 3rd period - Guy Boucher call a timeout for Blackdemons.
19:57 of 3rd period - Max Friberg wins face-off versus Anton Lander in neutral zone.
Goals for this period are 0 for Blackdemons vs 1 for Mulligans.
Shots for this period are 11 for Blackdemons vs 11 for Mulligans.
Back to the Top